 Dungeon Crawl Stone Soup version 0.19.5 (webtiles) character file.

60 HAWKINGL3623 the Insei (level 3, -2/27 HPs)
             Began as a Demigod Transmuter on Apr 13, 2017.
             Slain by a worm (8 damage)
             ... on level 2 of the Dungeon.
             The game lasted 00:07:11 (2108 turns).

HAWKINGL3623 the Insei (Demigod Transmuter)         Turns: 2108, Time: 00:07:12

Health: -2/27      AC:  3    Str: 13    XL:     3   Next: 57%
Magic:  4/8        EV: 13    Int: 19    God:
Gold:   42         SH:  0    Dex: 16    Spells: 3 memorised, 0 levels left

rFire  . . .     SeeInvis .     i - +0 hand axe (elec)
rCold  . . .     Gourm    .     b - +0 robe
rNeg   . . .     Faith    .     (no shield)
rPois  .         Spirit   .     (no helmet)
rElec  .         Reflect  .     (no cloak)
rCorr  .         Harm     .     (no gloves)
MR     .....                    h - +0 pair of boots {run}
Stlth  ++........               (no amulet)
                                (no ring)
                                (no ring)

@: lethally poisoned (-2 -> -9), appendage (expiring), very slightly
contaminated, quick
A: horns 2, high mp 1
a: End Transformation


You were on level 2 of the Dungeon.
You were not hungry.
You had grown temporary horns.
You visited 1 branch of the dungeon, and saw 2 of its levels.

You collected 42 gold pieces.

Inventory:

Hand Weapons
 e - a +1 dagger of venom
 i - a +0 hand axe of electrocution (weapon)
 j - a +0 hunting sling
Missiles
 a - 11 arrows
 f - 42 stones (quivered)
 g - 11 sling bullets
Armour
 b - a +0 robe (worn)
 h - a +0 pair of boots of running (worn)
Scrolls
 l - a scroll of identify
Potions
 k - a potion of lignification
 m - a potion of flight
Books
 c - a book of Changes

   Spells                             Type                      Level
   a - Beastly Appendage              Transmutation                1
   b - Sticks to Snakes               Transmutation                2
   c - Spider Form                    Transmutation/Poison         3
   d - Ice Form                       Ice/Transmutation            4
   e - Blade Hands                    Transmutation                5
Comestibles
 d - a bread ration


   Skills:
 + Level 0.8 Fighting
 + Level 0.5 Short Blades
 + Level 0.1 Throwing
 + Level 2.1 Dodging
 + Level 1.2 Stealth
 + Level 3.1 Unarmed Combat
 + Level 2.2 Spellcasting
 + Level 2.1 Transmutations


You couldn't memorise any spells.
You knew the following spells:

 Your Spells              Type           Power        Failure   Level  Hunger
a - Beastly Appendage     Tmut           ##....       10%         1    #......
b - Sticks to Snakes      Tmut           ##......     12%         2    ##.....
c - Spider Form           Tmut/Pois      #.........   34%         3    ###....


Dungeon Overview and Level Annotations

Branches:
Dungeon (2/15)


Innate Abilities, Weirdness & Mutations

You have an increased reservoir of magic. (+10% MP)
You have a pair of horns on your head.


Message History

The adder is almost dead.
The adder barely misses you. The adder bites you.
You are lethally poisoned!
The adder poisons you!
You hit the adder.
You kill the adder!
You feel sick.
You hit the worm.
The worm is lightly wounded.
You feel sick.
Your transformation is almost over.
* * * LOW HITPOINT WARNING * * *
You feel sick.
* * * LOW HITPOINT WARNING * * *
You feel sick. The worm closely misses you.
You slash the worm!
The worm is moderately wounded.
* * * LOW HITPOINT WARNING * * *
You feel sick. The worm bites you!
You die...

#.. #.# #<# ####.# ## ..#.# ..
########## #.#.# .#####
......^..####.#.#######.....#
....(....(...w@..............
..#....#.####.#................
.......#.# #.#..##......##.#..
.......#.# #.#..##......##.#..
.......#.# #.#..##......##.#.#
..#.##.#.# #.#..##......##.#.#
. #. #.#.# #.#..##......##.#.#
# #.#.# #.#..##......##.#.# ...
....+............


You could see a worm.

Vanquished Creatures
  2 adders (D:2)
  2 dart slugs (D:1)
  2 leopard geckos (D:2)
  2 giant cockroaches
  5 goblins
  4 hobgoblins (D:1)
  4 jackals (D:1)
  5 bats
  4 frilled lizards
  4 kobolds (D:1)
  2 rats
36 creatures vanquished.

Notes
Turn   | Place    | Note
-------+----------+-------------------------------------------
     0 | D:1      | HAWKINGL3623 the Demigod Transmuter began the quest for the Orb.
     0 | D:1      | Reached XP level 1. HP: 15/15 MP: 5/5
   345 | D:1      | Reached XP level 2. HP: 16/22 MP: 5/7
   362 | D:1      | Reached skill level 3 in Unarmed Combat
   699 | D:1      | Learned a level 2 spell: Sticks to Snakes
  1471 | D:1      | Reached skill level 1 in Stealth
  1802 | D:2      | Identified a +0 pair of boots of running (You found it on level 2 of the Dungeon)
  1809 | D:2      | Reached XP level 3. HP: 27/27 MP: 8/8
  1816 | D:2      | Learned a level 3 spell: Spider Form
  2031 | D:2      | Found a hazy altar of Hepliaklqana.
  2108 | D:2      | Slain by a worm

Skill      XL: |  1  2  3 |
---------------+----------+-----
Transmutations | 2 |  2.1
Spellcasting   | 2 |  2.2
Unarmed Combat | 3 |  3.1
Stealth        | 1 |  1.2
Dodging        | 2 |  2.1
Fighting       | |  0.8
Short Blades   | |  0.5
Throwing       | |  0.1

Action                   || total
-------------------------++-------
Melee: Unarmed           ||    25
       Headbutt          ||     7
       Dagger            ||    68
       Kick              ||     4
       Punch             ||     1
       Hand axe          ||     7
 Fire: Hunting sling     ||     3
Throw: Stone             ||     6
 Cast: Beastly Appendage ||    12
       Sticks to Snakes  ||     1
  Use: Potion            ||     7
       Scroll            ||     4
 Stab: Sleeping          ||     2
       Distracted        ||     1
  Eat: Chunk             ||     4
Armor: Robe              ||    16
Dodge: Dodged            ||    70
